 Dungeon Crawl Stone Soup version 0.28-a0-1524-ge72afd5fc6 (webtiles) character file.

Game seed: 643141410910230057

184 knot the Chopper (level 5, -9/41 HPs)
             Began as a Demonspawn Berserker on Jan 18, 2022.
             Was a Believer of Trog.
             Killed by an exploding hobgoblin (26 damage)
             ... ignited by their inner flame
             ... on level 4 of the Dungeon.
             The game lasted 00:04:03 (4442 turns).

knot the Chopper (Demonspawn Berserker)             Turns: 4442, Time: 00:04:06

Health: -9/41      AC:  6    Str: 17    XL:     5   Next: 36%
Magic:  5/5        EV: 10    Int: 10    God:    Trog [**....]
Gold:   126        SH:  0    Dex: 13    Spells: 4/4 levels left

rFire   . . .      SeeInvis .   a - +0 hand axe
rCold   . . .      Faith    +   (no shield)
rNeg    + . .      Spirit   .   k - +0 scale mail
rPois   .          Reflect  .   (no helmet)
rElec   .          Harm     .   (no cloak)
rCorr   .          Rampage  .   (no gloves)
Will    .....                   (no boots)
Stlth   ..........              g - amulet of faith
HPRegen 0.13/turn               o - ring of positive energy
MPRegen 0.09/turn               (no ring)

@: no status effects
A: powered by death 1, demonic touch 1
a: Renounce Religion, Berserk, Trog's Hand


You were on level 4 of the Dungeon.
You worshipped Trog.
Trog was pleased with you.
You visited 1 branch of the dungeon, and saw 4 of its levels.

You collected 126 gold pieces.

Inventory:

Hand Weapons
 a - a +0 hand axe (weapon)
 h - a +0 hand axe of draining
Missiles
 b - a throwing net
 d - 96 stones
 i - 19 sling bullets
 n - 6 javelins (quivered)
Armour
 k - a +0 scale mail (worn)
Jewellery
 g - an amulet of faith (around neck)
 o - a ring of positive energy (left hand)
Potions
 e - 2 potions of degeneration {unknown}
 f - a potion of curing {unknown}
 j - 3 potions of heal wounds {unknown}
 p - 2 potions of mutation {unknown}


   Skills:
 - Level 3.0 Fighting
 * Level 4.7 Axes
 * Level 2.6 Throwing
 - Level 1.7 Armour
 - Level 1.7 Dodging


You had 4 spell levels left.
You didn't know any spells.
Your spell library was empty.

Dungeon Overview and Level Annotations

Branches:
Dungeon (4/15)
 Temple: D:4-7

Altars:
Sif Muna

Annotations:
D:3 3 runed translucent doors, dolemite99's ghost, amateur MfAK


Innate Abilities, Weirdness & Mutations

You regenerate a little health from kills.
Your touch may inflict minor irresistible damage on your foes.


Message History

Things that are here:
a +0 ring mail; a +2 dagger of venom You see here a +0 dagger.
p - 2 grey potions (gained 1)
Items here: )) [[ ††.
A hobgoblin comes into view.
What are your orders? t - Shout!
Orders for allies: a - Attack new target. r - Retreat! s - Stop attacking. g - Guard the area. f - Follow me.
Anything else - Cancel.
Gang up on whom?
Press: ? - help, Dir - move target, f - hobgoblin
Aim: a hobgoblin (wandering, hasn't noticed you) Attack!
The hobgoblin shouts!
Things that are here:
a +0 club; a goblin corpse A hobgoblin is nearby!
A hobgoblin is nearby!
Your endoplasm hits the hobgoblin. The hobgoblin hits your endoplasm.
Your endoplasm dissolves into shadows!
Your endoplasm explodes!
The fiery explosion engulfs your hobgoblin!!
Your hobgoblin's corpse dissolves into shadows!
The fiery explosion engulfs your hound!!
Your hound's corpse dissolves into shadows!
The fiery explosion engulfs your hound skeleton!!
Your hound skeleton dissolves into shadows!
The fiery explosion engulfs the hobgoblin!!
You kill the hobgoblin!
Trog accepts your kill.
Your hound skeleton explodes!
Your hound explodes!
The fiery explosion engulfs you!!
Ouch! That really hurt!
Your hobgoblin explodes!
The fiery explosion engulfs you!!
Ouch! That really hurt!
You die...

#.....## ...>.... ##
....... .. #..#...
##.###..#§.# ##+
#....... ..# .. .
#......###§# .### ..
...##.@§§§##§.§##...
#...§§§§§§§.......
#....#######.§§....#
#.### ######J......#
.. ..............#
###############


There were no monsters in sight!

Vanquished Creatures
  A jelly (D:3)
  Robin (D:4)
  8 adders
  3 worms
  2 orcs
  3 bats
  An endoplasm (D:1)
  3 giant cockroaches
  9 goblins
  11 hobgoblins
  4 kobolds
  2 quokkas
  5 ball pythons
  6 frilled lizards
  5 rats
64 creatures vanquished.

Notes
Turn   | Place    | Note
-------+----------+-------------------------------------------
     0 | D:1      | knot the Demonspawn Berserker began the quest for the Orb.
     0 | D:1      | Reached XP level 1. HP: 18/18 MP: 1/1
    59 | D:1      | Reached skill level 3 in Axes
   256 | D:1      | Gained mutation: You regenerate a little health from kills.
                  | [demonic ancestry]
   256 | D:1      | Reached XP level 2. HP: 20/24 MP: 2/2
  1376 | D:1      | Gained mutation: Your touch may inflict minor irresistible
                  | damage on your foes. [demonic ancestry]
  1376 | D:1      | Reached XP level 3. HP: 29/29 MP: 3/3
  1600 | D:2      | Reached skill level 4 in Axes
  1600 | D:2      | Reached skill level 1 in Throwing
  2077 | D:2      | Reached XP level 4. HP: 35/35 MP: 4/4
  3398 | D:3      | Found a shimmering blue altar of Sif Muna.
  3472 | D:3      | Found a runed translucent gate.
  3475 | D:3      | Found a runed translucent gate.
  3476 | D:3      | Found a runed translucent gate.
  3478 | D:3      | Noticed dolemite99's ghost (amateur MfAK)
  3535 | D:3      | Reached XP level 5. HP: 17/41 MP: 5/5
  4354 | D:4      | Noticed Robin
  4361 | D:4      | Killed Robin
  4362 | D:4      | Reached ** piety under Trog
  4442 | D:4      | Killed by an exploding hobgoblin... ignited by their inner
                  | flame

Illustrated notes

Levels and vault maps discovered:
D:1:      lightli_arrival_statuegarden, layout_basic
D:2:      layout_basic, minmay_fractal_squares_gapless_5
D:3:      layout_basic, led_sif_pool, gammafunk_ghost_split,
          serial_corexii_hall, corexii_hall_statues_x, corexii_hall_statues_x,
          corexii_hall_statues_l, corexii_hall_statues_i,
          minmay_misc_feat_pillars
D:4:      minmay_diamond_boxcup, layout_basic, nicolae_ossuary_entry_ruins,
          uniq_robin

Skill      XL: |  1  2  3  4 |
---------------+-------------+-----
Axes           | 3 4 |  4.7
Throwing       | 1 2 |  2.6
Fighting       | |  3.0
Armour         | |  1.7
Dodging        | |  1.7

Action                   |  1- 3 |  4- 6 || total
-------------------------+-------+-------++-------
Melee: Hand axe          |    64 |    80 ||   144
       Punch             |     1 |       ||     1
       Touch             |     3 |    12 ||    15
Throw: Stone             |     7 |       ||     7
       Javelin           |       |     2 ||     2
Invok: Berserk           |     5 |     4 ||     9
  Use: Scroll            |       |     3 ||     3
 Stab: Sleeping          |     3 |     1 ||     4
Armor: Animal skin       |    14 |     2 ||    16
       Scale mail        |       |    29 ||    29
Dodge: Dodged            |    31 |    59 ||    90

Table legend: (Time is in decaauts)
 A = Elapsed time spent in this place.
 B = Non-inter-level travel time spent in this place.
 C = Inter-level travel time spent in this place.
 D = Time resting spent in this place.
 E = Time spent auto-exploring this place.
 F = Levels seen in this place.
 G = Mean time per level.
                   A        B        C        D        E       F      G
               +--------+--------+--------+--------+--------+-----+--------+
         Total |   4548 |   4455 |     93 |   1737 |   2291 |   4 | 1137.0 |
       Dungeon |   4548 |   4455 |     93 |   1737 |   2291 |   4 | 1137.0 |
               +--------+--------+--------+--------+--------+-----+--------+

Top non-repeatable levels by time:
     D:2: 2057 daAuts
     D:3: 1265 daAuts
     D:1: 1183 daAuts
     D:4: 41 daAuts
